 Dungeon Crawl Stone Soup version 0.29.1-12-g30fa7ad0bf (webtiles) character file.

Game seed: 15818210537261466999

28123 hawla the Eclecticist (level 14, -22/160 HPs)
             Began as a Meteoran Air Elementalist on Dec 23, 2022.
             Was a High Priest of Vehumet.
             Annihilated by a very large slime creature (31 damage)
             ... while paralysed by a great orb of eyes
             ... on level 5 of the Pits of Slime.
             The game lasted 00:31:50 (5233 turns).

hawla the Eclecticist (Meteoran Air Elementalist)   Turns: 5233, Time: 00:31:50

Health: -22/160    AC: 15    Str: 10    XL:     14   Next: 8%
Magic:  12/43      EV:  2    Int: 28    God:    Vehumet [*****.]
Gold:   728        SH:  0    Dex: 22    Spells: 28/44 levels left

rFire   . . .      SeeInvis .   p - +8 demon blade of Joroy {elec, rElec rC+ rN+ Int+2}
rCold   + + .      Faith    .   (no shield)
rNeg    + . .      Spirit   .   n - +1 steam dragon scales
rPois   +          Reflect  .   o - +2 hat "Feinuhia" {MP+9 Int+3}
rElec   +          Harm     .   e - +0 cloak
rCorr   +          Rampage  .   a - +3 pair of gloves "Estryserch" {rC+ rCorr Str+2 Int+4}
Will    +....                   (no boots)
Stlth   ..........              g - amulet of regeneration
HPRegen 1.16/turn               D - +6 ring of dexterity
MPRegen 0.28/turn               z - ring of poison resistance

@: paralysed, berserking (expiring), glowing
A: sense surroundings 2, otherworldly, glowing, explore regen, iridescent scales
1, dopey 1, weak 1, devolution 1
a: Renounce Religion


You were on level 5 of the Pits of Slime.
You worshipped Vehumet.
Vehumet was extremely pleased with you.
You visited 4 branches of the dungeon, and saw 20 of its levels.
You also visited: Ossuary and Bailey.

You collected 728 gold pieces.

Inventory:

Hand Weapons
 p - the +8 demon blade of Joroy (weapon) {elec, rElec rC+ rN+ Int+2}
   (You acquired it on level 7 of the Dungeon)

   It occasionally discharges a powerful burst of electricity upon striking a
   foe.
   Int:       It affects your intelligence (+2).
   rC:        It protects you from cold.
   rElec:     It insulates you from electricity.
   rN:        It protects you from negative energy.
 C - the +8 frozen axe "Frostbite" {freezing cloud, *Noise Fly rC+}
   (You found it on level 1 of the Lair of Beasts)

   It freezes those it strikes, dealing additional cold damage.
   It can also slow down cold-blooded creatures.
   It occasionally leaves clouds of freezing vapour upon striking a foe.
   It grants immunity to clouds of freezing vapour.
   rC:        It protects you from cold.
   Fly:       It grants you flight.
   *Noise:    It may make noises in combat.
Armour
 a - the +3 pair of gloves "Estryserch" (worn) {rC+ rCorr Str+2 Int+4}
   (You acquired it on level 7 of the Dungeon)

   Str:       It affects your strength (+2).
   Int:       It affects your intelligence (+4).
   rC:        It protects you from cold.
   rCorr:     It protects you from acid and corrosion.
 b - a +1 robe of willpower
 e - a +0 cloak (worn)
 n - +1 steam dragon scales (worn)
 o - the +2 hat "Feinuhia" (worn) {MP+9 Int+3}
   (You acquired it on level 7 of the Dungeon)

   Int:       It affects your intelligence (+3).
   MP:        It affects your magic capacity (+9).
 s - a +2 hat of stealth
Jewellery
 g - an amulet of regeneration (around neck)
 z - a ring of poison resistance (right hand)
 D - a +6 ring of dexterity (left hand)
Wands
 u - a wand of paralysis (9) (quivered)
Scrolls
 f - 6 scrolls of fear
 i - a scroll of blinking
 l - 2 scrolls of amnesia
 v - 3 scrolls of identify
 x - 2 scrolls of fog
 y - a scroll of teleportation
 A - a scroll of enchant weapon
Potions
 d - 3 potions of haste {unknown}
 h - a potion of lignification {unknown}
 j - a potion of ambrosia
 k - 2 potions of might
 m - 2 potions of curing
 q - 5 potions of heal wounds {unknown}
 r - 2 potions of resistance {unknown}
 t - 3 potions of mutation {unknown}
 F - a potion of brilliance


   Skills:
 + Level 5.4 Fighting
 + Level 6.7 Long Blades
 + Level 4.8 Axes
 + Level 6.2 Dodging
 - Level 1.4 Stealth
 + Level 15.6 Spellcasting
 + Level 8.9 Conjurations
 + Level 5.1 Translocations
 + Level 1.6 Transmutations
 + Level 15.0 Air Magic
 + Level 2.0 Evocations


You had 28 spell levels left.
You knew the following spells:

 Your Spells              Type           Power      Damage    Failure   Level
a - Shock                 Conj/Air       100%       1d9       0%          1
b - Static Discharge      Conj/Air       73%        3-13/arc  1%          2
c - Airstrike             Air            41%        2d(6-22)  1%          4
d - Iskenderun's Mystic   Conj/Tloc      57%        2d12      1%          4
e - Irradiate             Conj/Tmut      25%        3d20      1%          5

Your spell library contained the following spells:

 Spells                   Type           Power      Damage    Failure   Level
 Fulminant Prism          Conj/Hex       23%        3d13      1%          4
 Swiftness                Air            82%        N/A       0%          3
 Ozocubu's Armour         Ice            21%        N/A       7%          3
 Metabolic Englaciation   Hex/Ice        10%        N/A       54%         5
 Simulacrum               Ice/Necr       10%        N/A       98%         6


Dungeon Overview and Level Annotations

Branches:
Dungeon (9/15) Zot: 2032   Temple (1/1) D:5 Zot: 556    Lair (5/5) D:9 Zot: 1745
  Swamp (0/4) Lair:3       Spider (0/4) Lair:3        Slime (5/5) Lair:4 Zot: 2865
Ossuary (visited)          Bailey (visited)
    Orc: D:9-12

Altars:
Ashenzari
Dithmenos
Elyvilon
Fedhas
Gozag
Hepliaklqana
Kikubaaqudgha
Makhleb
Nemelex Xobeh
Okawaru
Trog
Uskayaw
Vehumet
Wu Jian
Yredelemnul
Zin


Innate Abilities, Weirdness & Mutations

You passively map the area around you.
You are easily found by Zot.
You glow in the dark.
You regain HP and MP as you explore.
You are partially covered in iridescent scales. (AC +2)
You are dopey. (Int -2)
You are weak. (Str -2)
You have hidden genetic defects.


Message History

A very large slime creature splits.
The slime creature barely misses you. The slime creature closely misses you.
The slime creature misses you.
You slash the slime creature!
The slime creature is almost dead.
You barely miss the slime creature.
The slime creature is almost dead.
The slime creature closely misses you. x2
Two slime creatures merge to form a very large slime creature.
The great orb of eyes misses you.
Two slime creatures merge to form a large slime creature.
The slime creature hits you but does no damage.
You are too berserk!
You slash the slime creature!
You kill the slime creature!
Vehumet accepts your kill.
The great orb of eyes completely misses you.
You slash the great orb of eyes!
The great orb of eyes is moderately wounded.
You slice the great orb of eyes!!
The great orb of eyes is heavily wounded.
The great orb of eyes gazes at you.
You suddenly lose the ability to move!
A large slime creature splits.
The very large slime creature hits you!
* * * LOW HITPOINT WARNING * * *
The great orb of eyes bites you but does no damage.
The slime creature hits you but does no damage.
The very large slime creature hits you.
* * * LOW HITPOINT WARNING * * *
The great orb of eyes bites you but does no damage.
The slime creature hits you but does no damage.
Your magical contamination has completely faded away.
The very large slime creature completely misses you.
The slime creature hits you but does no damage.
The great orb of eyes bites you but does no damage.
The slime creature hits you.
* * * LOW HITPOINT WARNING * * *
The slime creature hits you.
* * * LOW HITPOINT WARNING * * *
The very large slime creature hits you!!
You die...

,, ..................#
#..................## **
#...................#
.#...................#
*,,,*.....................##
*** #....................# ,
,, #....................#
*,, *#.........J..........#
, *#........J@...........# ,
#.........JG...........# ,
.....................###
,**,....................##
....................#
,,...................##
...................# , ,
....................* , , ,
,


You could see a great orb of eyes, a very large slime creature and 2 slime
creatures.

Vanquished Creatures
  2 acid blobs
  Gastronok (D:8)
  A rockslime (Slime:5)
  An azure jelly (Slime:5)
  A quicksilver ooze (Slime:5)
  A hydra (Lair:3)
  A catoblepas (Lair:4)
  Pikel (D:8)
  A harpy (Lair:5)
  A shining eye (Slime:1)
  4 elephants (Lair:3)
  A black mamba (Lair:5)
  A gargoyle (Bailey)
  A torpor snail (Lair:3)
  6 cane toads
  An unseen horror zombie (D:8)
  A rime drake (Lair:1)
  4 komodo dragons
  2 polar bears
  A tyrant leech (Lair:3)
  2 trolls (D:9)
  A hornet (Lair:5)
  8 dream sheep
  10 blink frogs
  10 slime creatures
  3 jumping spiders (Lair:3)
  3 culicivoras (Lair:3)
  2 wyverns
  A vampire (Bailey)
  6 yaks (Lair:5)
  A basilisk (Lair:3)
  3 steam dragons
  7 water moccasins
  3 orc warriors
  A black bear (D:4)
  2 ice beasts (D:7)
  2 ogres
  3 wolves (Lair:1)
  3 centaurs
  2 phantoms
  10 bullfrogs
  2 kobold brigands
  2 wyvern zombies (D:8)
  5 scorpions
  2 necrophages (D:8)
  6 wights
  6 vampire bats (Bailey)
  A howler monkey (D:4)
  7 wolf zombies (Bailey)
  2 centaur zombies (D:8)
  A human zombie (D:8)
  5 orc priests
  3 hounds
  4 jellies
  2 iguanas
  5 orc wizards
  A killer bee zombie (D:8)
  9 mummies
  5 adders
  2 white imps
  An ufetubus (D:6)
  22 orcs
  2 endoplasms
  A giant cockroach (D:4)
  2 gnoll zombies (Ossuary)
  4 goblins
  4 quokkas
  4 ball pythons
  A bat (D:2)
  5 hobgoblin zombies (Ossuary)
  14 kobolds
  22 orc zombies
268 creatures vanquished.

Vanquished Creatures (others)
  12 fungi
  22 plants
34 creatures vanquished.

Grand Total: 302 creatures vanquished

Notes
Turn   | Place    | Note
-------+----------+-------------------------------------------
     0 | D:1      | hawla the Meteoran Air Elementalist began the quest for the
                  | Orb.
     0 | D:1      | Reached XP level 1. HP: 14/14 MP: 5/5
    42 | D:2      | Reached XP level 2. HP: 16/20 MP: 1/6
    50 | D:2      | Learned a level 2 spell: Static Discharge
   149 | D:3      | Reached XP level 3. HP: 26/26 MP: 5/8
   170 | D:3      | Reached XP level 4. HP: 20/33 MP: 1/10
   202 | D:4      | Learned a level 4 spell: Airstrike
   317 | D:4      | Reached skill level 5 in Air Magic
   317 | D:4      | Reached XP level 5. HP: 32/38 MP: 2/11
   363 | D:4      | Reached XP level 6. HP: 45/45 MP: 4/12
   488 | D:4      | Noticed a black bear
   505 | D:4      | Found a white marble altar of Elyvilon.
   505 | D:4      | Found an ancient bone altar of Kikubaaqudgha.
   549 | D:5      | Entered Level 5 of the Dungeon
   549 | D:5      | Found a staircase to the Ecumenical Temple.
   557 | D:5      | Noticed an ogre
   563 | Temple   | Entered the Ecumenical Temple
   610 | D:5      | Killed an ogre
   611 | D:5      | Reached XP level 7. HP: 31/50 MP: 7/15
   612 | D:5      | Reached skill level 5 in Spellcasting
   743 | D:5      | Found a hide-covered altar of Uskayaw.
   852 | D:6      | Reached XP level 8. HP: 51/58 MP: 8/17
   930 | D:6      | Noticed a steam dragon
  1018 | D:6      | Reached skill level 1 in Fighting
  1237 | D:6      | Found a radiant altar of Vehumet.
  1245 | D:6      | Became a worshipper of Vehumet
  1292 | D:6      | Found an opulent altar of Gozag.
  1547 | D:6      | Killed a steam dragon
  1657 | D:6      | Found an iron altar of Okawaru.
  1798 | D:7      | Gained mutation: You passively map the area around you.
                  | [Meteoran growth]
  1798 | D:7      | Reached XP level 9. HP: 59/64 MP: 14/20
  1798 | D:7      | Identified 3 scrolls of acquirement
  1798 | D:7      | Acquired the +2 hat "Feinuhia" {MP+9 Int+3}
  1805 | D:7      | Acquired the +8 demon blade of Joroy {elec, rElec rC+ rN+
                  | Int+2}
  1808 | D:7      | Acquired the +3 pair of gloves "Estryserch" {rC+ rCorr
                  | Str+2 Int+4}
  1899 | D:7      | Found a flagged portal.
  1906 | Bailey   | Entered a bailey
  2003 | Bailey   | Reached * piety under Vehumet
  2003 | Bailey   | Offered knowledge of Freeze by Vehumet.
  2008 | Bailey   | Noticed a gargoyle
  2012 | Bailey   | Killed a gargoyle
  2013 | Bailey   | Reached skill level 10 in Air Magic
  2087 | Bailey   | Reached skill level 5 in Conjurations
  2087 | Bailey   | Reached XP level 10. HP: 45/71 MP: 24/24
  2346 | D:7      | Reached ** piety under Vehumet
  2346 | D:7      | Offered knowledge of Scorch by Vehumet.
  2366 | D:7      | Found a sand-covered staircase.
  2374 | Ossuary  | Entered an ossuary
  2391 | Ossuary  | Reached skill level 10 in Spellcasting
  2413 | Ossuary  | Reached skill level 1 in Long Blades
  2621 | D:7      | Found a broken altar of Ashenzari.
  2624 | D:7      | Offered knowledge of Stone Arrow by Vehumet.
  2626 | D:7      | Found a sparkling altar of Nemelex Xobeh.
  2943 | D:8      | Noticed Gastronok
  2963 | D:8      | Killed Gastronok
  2964 | D:8      | Reached XP level 11. HP: 29/81 MP: 15/26
  2996 | D:8      | Found an ornate altar of the Wu Jian Council.
  2996 | D:8      | Noticed Pikel
  3005 | D:8      | Killed Pikel
  3023 | D:8      | Reached *** piety under Vehumet
  3139 | D:8      | Found a basalt altar of Yredelemnul.
  3142 | D:8      | Offered knowledge of Iskenderun's Mystic Blast by Vehumet.
  3148 | D:8      | Learned a level 4 spell: Iskenderun's Mystic Blast
  3171 | D:8      | Reached skill level 5 in Long Blades
  3643 | D:9      | Reached skill level 5 in Dodging
  3841 | D:9      | Found a staircase to the Lair.
  3861 | Lair:1   | Entered Level 1 of the Lair of Beasts
  3932 | Lair:1   | Reached **** piety under Vehumet
  4097 | Lair:1   | Found the +8 frozen axe "Frostbite" {freezing cloud, *Noise
                  | Fly rC+}
  4360 | Lair:1   | Glimpsed the power of Zot.
  4438 | Lair:3   | Reached XP level 12. HP: 74/92 MP: 29/29
  4443 | Lair:3   | Offered knowledge of Irradiate by Vehumet.
  4444 | Lair:3   | Reached skill level 1 in Axes
  4450 | Lair:3   | Learned a level 5 spell: Irradiate
  4452 | Lair:3   | Found a staircase to the Swamp.
  4555 | Lair:3   | Noticed a six-headed hydra
  4561 | Lair:3   | Killed a six-headed hydra
  4562 | Lair:3   | Reached skill level 1 in Translocations
  4585 | Lair:3   | Reached skill level 1 in Evocations
  4675 | Lair:3   | Found a hole to the Spider Nest.
  4680 | Lair:3   | Reached skill level 1 in Transmutations
  4912 | Lair:4   | Noticed a catoblepas
  4921 | Lair:4   | Killed a catoblepas
  4922 | Lair:4   | Reached XP level 13. HP: 99/99 MP: 18/31
  4957 | Lair:4   | Found a staircase to the Slime Pits.
  4969 | Lair:5   | Entered Level 5 of the Lair of Beasts
  5025 | Lair:5   | Reached ***** piety under Vehumet
  5031 | Lair:5   | Offered knowledge of Fulminant Prism by Vehumet.
  5053 | Lair:5   | Reached skill level 5 in Fighting
  5096 | Slime:1  | Entered Level 1 of the Pits of Slime
  5096 | Slime:1  | Noticed an acid blob
  5101 | Slime:1  | Gained mutation: You are dopey. (Int -2) [a shining eye]
  5103 | Slime:1  | Gained mutation: You have hidden genetic defects. [a
                  | shining eye]
  5104 | Slime:1  | Gained mutation: You are partially covered in iridescent
                  | scales. (AC +2) [a shining eye]
  5107 | Slime:1  | Killed an acid blob
  5108 | Slime:1  | Reached skill level 15 in Spellcasting
  5110 | Slime:1  | Noticed an azure jelly
  5114 | Slime:2  | Noticed an acid blob
  5146 | Slime:5  | Entered Level 5 of the Pits of Slime
  5170 | Slime:5  | Noticed a quicksilver ooze
  5178 | Slime:5  | Killed a quicksilver ooze
  5179 | Slime:5  | Gained mutation: You are weak. (Str -2) [hidden defects]
  5180 | Slime:5  | Noticed an acid blob
  5181 | Slime:5  | Noticed an azure jelly
  5195 | Slime:5  | Killed an acid blob
  5195 | Slime:5  | Killed an azure jelly
  5196 | Slime:5  | Reached skill level 5 in Translocations
  5196 | Slime:5  | Reached skill level 15 in Air Magic
  5199 | Slime:5  | Noticed a rockslime
  5202 | Slime:5  | Reached XP level 14. HP: 107/107 MP: 15/34
  5222 | Slime:5  | Killed a rockslime
  5229 | Slime:5  | Paralysed by a great orb of eyes for 4 turns
  5231 | Slime:5  | HP: 8/160 [very large slime creature (5)]
  5233 | Slime:5  | Annihilated by a very large slime creature

Illustrated notes

Levels and vault maps discovered:
D:1:      dpeg_arrival_round_a, layout_basic,
          shapermc_ecumenical_altar_mp_urbaneastern, serial_shops, shop,
          nicolae_shop_behind_doors, nicolae_shop_window_shopping,
          shop_fountains, minmay_misc_feat_alley, corexii_corridor_pit
D:2:      minmay_door_path, layout_basic, basic_altar, wad_orctagon
D:3:      layout_loops_ring
D:4:      layout_basic, nicolae_qazlal_general_emergency,
          mainiacjoe_overflow_alcove_4, gammafunk_temple_overflow_statue
D:5:      layout_basic, eat_drink_and_be_merry_uskayaw,
          minmay_temple_entry_gardened_gates, minmay_increasing_density
D:6:      layout_loops_ring, nicolae_vehumet_radiance,
          mainiacjoe_overflow_paths, kennysheep_mini_moat,
          serial_co_window_serial, co_window_corner_a, co_window_paths_b,
          co_window_paths_a, co_window_paths_a, co_window_of_opportunity_a,
          co_window_unsneaky_path_d, co_window_broadway_a, co_window_corner_cb,
          glass_columns_b, glass_columns_b
D:7:      layout_rooms, jmf_multi_god_temple, enter_bailey_2,
          nicolae_ossuary_entry_plus, st_stairs_2
D:8:      layout_basic, lemuel_mausoleum_altar_yredelemnul,
          lemuel_crystal_altar, uniq_pikel, uniq_gastronok
D:9:      layout_stronghold, dpeg_oklobed_lair, hiddenorc1_lemuel, serial_shops,
          kennysheep_little_box, kennysheep_generic_room_3
Temple:   hellmonk_temple_rainy
Lair:1:   gammafunk_boulding_lane, layout_cave_pods, lemuel_fruit_tree,
          lemuel_fruit_fields
Lair:2:   layout_gridlike, minivault_24, minmay_lindwurm_lava,
          lemuel_fruit_fields
Lair:3:   layout_gridlike, minmay_swamp_entry_worms,
          nicolae_spider_entry_tight_spaces, gammafunk_ghost_hive,
          grunt_forest_small_clearings
Lair:4:   layout_loops_ring, slime_entry_1, serial_bayou_pond_c,
          eino_small_chamber_without_monster
Lair:5:   gammafunk_lair_ancient_temple, layout_gridlike,
          gammafunk_lair_bear_cave
Slime:1:  layout_caves
Slime:2:  layout_caves
Slime:3:  layout_caves
Slime:4:  layout_caves
Slime:5:  uniq_dissolution

Skill      XL: |  1  2  3  4  5  6  7  8  9 10 11 12 13 |
---------------+----------------------------------------+-----
Air Magic      | 4 5 6 7 9 10 12 13 14 15 | 15.0
Spellcasting   | 3 4 5 7 9 10 12 13 15 | 15.6
Dodging        | 3 4 5 6 |  6.2
Conjurations   | 3 4 5 6 7 8 |  8.9
Fighting       | 1 2 4 5 |  5.4
Long Blades    | 3 6 |  6.7
Axes           | 2 4 |  4.8
Translocations | 3 5 |  5.1
Evocations     | 2 |  2.0
Transmutations | 1 |  1.6
Stealth        | |  1.4

Action                   |  1- 3 |  4- 6 |  7- 9 | 10-12 | 13-15 || total
-------------------------+-------+-------+-------+-------+-------++-------
Melee: Unarmed           |     7 |     4 |     6 |       |       ||    17
       Demon blade       |       |       |       |   115 |    29 ||   144
       Executioner's axe |       |       |       |    15 |    10 ||    25
 Cast: Shock             |    17 |    29 |    36 |    14 |     2 ||    98
       Static Discharge  |     3 |    12 |    31 |    45 |     1 ||    92
       Airstrike         |       |     7 |    38 |    78 |    21 ||   144
       Iskenderun's Myst |       |       |       |    42 |    46 ||    88
       Irradiate         |       |       |       |     5 |     3 ||     8
Evoke: Wand              |       |       |       |     1 |       ||     1
  Use: Scroll            |       |     2 |    10 |     6 |     4 ||    22
       Potion            |       |     1 |     4 |       |     2 ||     7
Armor: Robe              |     4 |     7 |     4 |       |       ||    15
       Steam dragon scal |       |       |    15 |   127 |    32 ||   174
Dodge: Dodged            |     5 |     9 |    37 |   156 |    59 ||   266
